 Dungeon Crawl Stone Soup version 0.30.0-29-ga12c61a403 (webtiles) character file.

Game seed: 6400009888261519208

3572 LustLizard the Zephyrmancer (level 9, 0/52 HPs)
             Began as a Deep Elf Air Elementalist on June 24, 2023.
             Was a Follower of Vehumet.
             Slain by a meliai
             ... wielding a +0 hand axe
              (7 damage)
             ... on level 8 of the Dungeon.
             The game lasted 00:19:01 (9091 turns).

LustLizard the Zephyrmancer (DEAE)                  Turns: 9091, Time: 00:19:02

Health: 0/52       AC:  9    Str:  7    XL:     9   Next: 84%
Magic:  22/22      EV: 13    Int: 23    God:    Vehumet [*.....]
Gold:   424        SH:  0    Dex: 15    Spells: 11/23 levels left

rFire   . . .        M - staff of air "Piupis" {rElec rCorr}
rCold   + . .        (no shield)
rNeg    . . .        c - +0 steam dragon scales
rPois   .            a - +2 helmet
rElec   +            (no cloak)
rCorr   +            l - +0 pair of gloves
SInv    .            (no boots)
Will    .....        x - amulet of regeneration
Stlth   +++          J - ring of protection from cold
HPRegen 1.08/turn    (no ring)
MPRegen 0.18/turn

%: no passive effects
@: about to teleport
A: no striking features
a: Renounce Religion


You were on level 8 of the Dungeon.
You worshipped Vehumet.
Vehumet was aware of your devotion.
You visited 2 branches of the dungeon, and saw 9 of its levels.

You collected 424 gold pieces.

Inventory:

Hand Weapons
 o - the +9 broad axe "Killer Klown's Regret" {venom, rElec rF+}
   (You found it on level 3 of the Dungeon)

   rF:        It protects you from fire.
   rElec:     It insulates you from electricity.
Missiles
 L - 2 throwing nets
Armour
 a - a +2 helmet (worn)
 c - +0 steam dragon scales (worn)
 i - a +0 kite shield
 l - a +0 pair of gloves (worn)
 p - a +0 buckler
 H - a +0 robe of positive energy
Magical Staves
 M - the staff of air "Piupis" (weapon) {rElec rCorr}
   (You took it off an orc wizard on level 7 of the Dungeon)

   [staff of air]

   Base accuracy: +5 Base damage: 5 Base attack delay: 1.2 This weapon's minimum
   attack delay (0.6) is reached at skill level 12.
   rElec:     It insulates you from electricity.
   rCorr:     It protects you from acid and corrosion.
   It falls into the 'Staves' category.
   It is a one-handed weapon.
Jewellery
 m - an amulet of guardian spirit
 u - a ring of fire
 x - an amulet of regeneration (around neck)
 B - an amulet of the acrobat
 J - a ring of protection from cold (left hand)
Wands
 j - a wand of polymorph (11)
 w - a wand of digging (9)
 K - a wand of mindburst (5)
Scrolls
 d - 2 scrolls of vulnerability {unknown}
 e - 2 scrolls of identify
 g - 2 scrolls of brand weapon {unknown}
 h - 2 scrolls of teleportation
 q - a scroll of fog {unknown}
 r - 2 scrolls of immolation {unknown}
 t - a scroll of amnesia {unknown}
 v - a scroll of acquirement {unknown}
 y - 2 scrolls of magic mapping {unknown}
 A - a scroll of blinking {unknown}
 D - 2 scrolls of poison {unknown}
 G - a scroll of enchant weapon {unknown}
 I - a scroll of summoning {unknown}
Potions
 b - 2 potions of magic
 f - 5 potions of invisibility
 k - 2 potions of lignification
 n - a potion of curing
 s - 3 potions of heal wounds
 z - 3 potions of ambrosia
 C - a potion of haste {unknown}
 E - a potion of flight {unknown}
 F - a potion of brilliance {unknown}


   Skills:
 + Level 4.3 Fighting
 + Level 4.1 Dodging
 - Level 4.0 Stealth
 + Level 1.9 Shields
 + Level 7.5 Spellcasting
 + Level 5.9 Conjurations
 + Level 5.6 Translocations
 * Level 8.5 Air Magic


You had 11 spell levels left.
You knew the following spells:

 Your Spells              Type           Power      Damage    Failure   Level
a - Shock                 Conj/Air       100%       1d9       1%          1
b - Static Discharge      Conj/Air       100%       2-7/arc   1%          2
c - Swiftness             Air            64%        N/A       1%          3
d - Blink                 Tloc           68%        N/A       1%          2
e - Airstrike             Air            32%        2d(5-21)  2%          4

Your spell library contained the following spells:

 Spells                   Type           Power      Damage    Failure   Level
 Kiss of Death            Conj/Necr      88%        2d12      2%          1
 Lesser Beckoning         Tloc           68%        N/A       1%          2
 Momentum Strike          Conj/Tloc      70%        3d9       1%          2
 Dazzling Flash           Conj/Hex       44%        N/A       6%          3
 Hailstorm                Conj/Ice       22%        3d7       6%          3
 Freeze                   Ice            32%        1d5       8%          1
 Passage of Golubria      Tloc           34%        N/A       8%          4
 Frozen Ramparts          Ice            16%        1d3       22%         3
 Tukima's Dance           Hex            8%         N/A       22%         3
 Silence                  Hex/Air        21%        N/A       34%         5
 Ice Form                 Ice/Tmut       8%         N/A       58%         4
 Agony                    Necr           8%         N/A       90%         5
 Yara's Violent Unravell  Hex/Tmut       4%         3d4       90%         5
 Simulacrum               Ice/Necr       4%         N/A       100%        6


Dungeon Overview and Level Annotations

Branches:
Dungeon (8/15)             Temple (1/1) D:5
   Lair: D:8-11

Altars:
Ashenzari
Cheibriados
Dithmenos
Elyvilon
Fedhas
Gozag
Hepliaklqana
Kikubaaqudgha
Makhleb
Nemelex Xobeh
Okawaru
Qazlal
Ru
Sif Muna
Trog
Uskayaw
Vehumet
Wu Jian
Xom
Yredelemnul
Zin
The Shining One
Lugonu

Shops:
D:4 !   D:6 [   D:7 ::

Portals:
Abyss: D:5


Message History

You start resting.
HP restored.
Things that are here:
+0 steam dragon scales; a steam dragon corpse c - +0 steam dragon scales You start removing your armour.
You continue taking off your +0 robe of positive energy. x4
You finish taking off your +0 robe of positive energy.
You feel less protected from negative energy.
You start putting on your armour.
You continue putting on your +0 steam dragon scales. x5
You finish putting on your +0 steam dragon scales.
Magic restored.
You now have 424 gold pieces (gained 15).
Found a stone staircase leading down.
q - a scroll labelled QAKHLAQ RAOM 2 meliai come into view.
The meliai buzzes angrily. x2; You hear an angry buzzing noise.
The meliai calls down the wrath of its god upon you.
Something smites you!
A meliai comes into view. It is wielding a +0 hand axe.
Unknown command.
As you read the scroll of teleportation, it crumbles to dust.
You feel strangely unstable. The meliai closely misses you.
The meliai stings you.
You are poisoned.
The meliai poisons you!
The meliai invokes the aid of its god against you.
Something smites you!
You feel very sick.
The meliai calls down the wrath of its god upon you.
Something smites you!
* * * LOW HITPOINT WARNING * * *
Unknown command.
You feel better. The meliai closely misses you. The meliai barely misses you.
The meliai hits you but does no damage. The meliai barely misses you.
The meliai attacks as you move away! The meliai hits you with a +0 hand axe!
* * * LOW HITPOINT WARNING * * *
The meliai stings you!
You die...

##.#.######
#.###.....#
...
##.#.####.#
###.. ##.##
#.# .... ###
#.# ... #.#
.y #.# .#
#.########y#
#.......@yy#
############


You could see 3 meliai.

Vanquished Creatures
  An ugly thing (D:7)
  A wyvern (D:8)
  2 steam dragons (D:8)
  A water moccasin (D:6)
  2 black bears
  An ice beast (D:6)
  3 ogres
  4 orc warriors (D:7)
  A phantom (D:5)
  A kobold brigand (D:8)
  2 bullfrogs
  5 scorpions
  4 wights (D:6)
  5 jellies
  3 orc priests
  6 hounds
  A sleepcap (D:5)
  2 iguanas
  6 orc wizards
  8 gnolls
  7 adders
  4 worms
  46 orcs
  4 ball pythons
  4 bats
  10 endoplasms
  6 giant cockroaches
  7 goblins
  8 hobgoblins
  10 jackals (D:1)
  6 quokkas
  4 frilled lizards
  10 kobolds
  4 rats
  2 lurking horrors (D:5)
191 creatures vanquished.

Notes
Turn   | Place    | Note
-------+----------+-------------------------------------------
     0 | D:1      | LustLizard the Deep Elf Air Elementalist began the quest
                  | for the Orb.
     0 | D:1      | Reached XP level 1. HP: 10/10 MP: 6/6
   171 | D:1      | Reached XP level 2. HP: 15/15 MP: 5/8
   614 | D:1      | Reached XP level 3. HP: 20/20 MP: 4/9
   666 | D:1      | Found a faded altar of an unknown god.
   857 | D:1      | Learned a level 2 spell: Static Discharge
   861 | D:1      | Learned a level 3 spell: Swiftness
   864 | D:1      | Learned a level 2 spell: Blink
  1752 | D:2      | Reached skill level 1 in Fighting
  1825 | D:2      | Reached XP level 4. HP: 21/25 MP: 8/11
  2157 | D:3      | Identified the +9 broad axe "Killer Klown's Regret" {venom,
                  | rElec rF+}
  2583 | D:3      | Reached skill level 1 in Translocations
  2583 | D:3      | Reached skill level 4 in Air Magic
  2590 | D:3      | Reached XP level 5. HP: 29/29 MP: 5/12
  3005 | D:4      | Learned a level 4 spell: Airstrike
  3072 | D:4      | Noticed an ogre
  3145 | D:4      | Killed an ogre
  3146 | D:4      | Reached XP level 6. HP: 35/35 MP: 3/14
  3484 | D:4      | Found Yffir's Distillery.
  3498 | D:4      | You fall into a shaft and drop 2 floors!
  3605 | D:6      | Reached skill level 5 in Air Magic
  3671 | D:6      | Found Ebudgh's Antique Armour Boutique.
  3692 | D:6      | Noticed a water moccasin
  3711 | D:6      | Reached XP level 7. HP: 40/40 MP: 9/15
  4042 | D:5      | Entered Level 5 of the Dungeon
  4055 | D:5      | Reached skill level 5 in Spellcasting
  4152 | D:5      | Found a corrupted altar of Lugonu.
  4159 | D:5      | Found a shimmering altar of Xom.
  4161 | D:5      | Found a white marble altar of Elyvilon.
  4161 | D:5      | Found a shimmering altar of Xom.
  4163 | D:5      | Found a stormy altar of Qazlal.
  4163 | D:5      | Found a shimmering blue altar of Sif Muna.
  4163 | D:5      | Found a shimmering blue altar of Sif Muna.
  4252 | D:5      | Found a one-way gate to the infinite horrors of the Abyss.
  4286 | D:5      | Found a staircase to the Ecumenical Temple.
  4405 | D:5      | Reached skill level 6 in Air Magic
  4520 | D:5      | Reached XP level 8. HP: 45/45 MP: 2/18
  4662 | Temple   | Entered the Ecumenical Temple
  4719 | Temple   | Became a worshipper of Vehumet
  5954 | D:5      | Reached skill level 7 in Air Magic
  6369 | D:6      | Reached skill level 5 in Conjurations
  6441 | D:6      | Reached XP level 9. HP: 52/52 MP: 10/20
  6639 | D:7      | Found Leuleph's Book Shop.
  6661 | D:7      | Noticed a green ugly thing
  6667 | D:7      | Killed a green ugly thing
  6843 | D:7      | Found a runed translucent door.
  6993 | D:7      | Reached skill level 5 in Translocations
  7141 | D:7      | Reached skill level 1 in Shields
  7149 | D:7      | Reached * piety under Vehumet
  7149 | D:7      | Offered knowledge of Kiss of Death by Vehumet.
  7488 | D:7      | Reached skill level 8 in Air Magic
  7596 | D:7      | Found Acienall's Book Emporium.
  8353 | D:7      | Identified the staff of air "Piupis" {rElec rCorr}
  9087 | D:8      | Noticed a meliai
  9087 | D:8      | Noticed a meliai
  9087 | D:8      | Noticed a meliai
  9091 | D:8      | Slain by a meliai

Illustrated notes

Levels and vault maps discovered:
D:1:      sevenhm_arrival_forest_fort_small_3, layout_basic,
          hellmonk_ecumenical_altar_dog_temple, st_stairs_4, serial_bayou_ford_a
D:2:      layout_rooms
D:3:      layout_basic, minmay_goblin_kobold_house
D:4:      layout_basic, serial_shops, nicolae_shop_back_alley_shop
D:5:      layout_basic, doesnt_xom_only_xom, minmay_temple_entry_sparse_star,
          amcnicky_altar_lugonu_corruption
D:6:      layout_basic, serial_shops, shop
D:7:      layout_gridville, serial_shops, shop, nicolae_book_shop_shelving,
          lightli_church_of_beogh
D:8:      gammafunk_wand_slinger, layout_loops_ring, nrook_uturn
Temple:   kilobyte_greek_temple

Skill      XL: |  1  2  3  4  5  6  7  8  9 |
---------------+----------------------------+-----
Stealth        | 3 4 |  4.0
Fighting       | 1 2 3 4 |  4.3
Conjurations   | 2 3 4 5 |  5.9
Translocations | 1 2 3 4 5 |  5.6
Air Magic      | 4 5 6 7 8 |  8.5
Spellcasting   | 4 5 6 7 |  7.5
Dodging        | 4 |  4.1
Shields        | 1 |  1.9

Action                     |  1- 3 |  4- 6 |  7- 9 || total
---------------------------+-------+-------+-------++-------
  Melee: Club              |     5 |       |       ||     5
         Unarmed           |     3 |       |       ||     3
         Dagger            |    10 |       |       ||    10
         Broad axe         |       |     3 |       ||     3
         Staff             |       |     1 |    13 ||    14
   Cast: Shock             |   109 |   105 |   186 ||   400
         Static Discharge  |       |    11 |     7 ||    18
         Blink             |       |     1 |       ||     1
         Airstrike         |       |       |    57 ||    57
    Use: Scroll            |       |     4 |     5 ||     9
         Potion            |       |       |     1 ||     1
 Armour: Robe              |     7 |     7 |    11 ||    25
         Steam dragon scal |       |       |     1 ||     1
  Dodge: Dodged            |    33 |    15 |    40 ||    88
